 Dungeon Crawl Stone Soup version 0.22.1-1-ga44c0e56f4 (webtiles) character file.

3278 eggzz the Geomancer (level 10, -11/64 HPs)
             Began as a Gargoyle Earth Elementalist on Oct 31, 2018.
             Was a Follower of Sif Muna.
             Mangled by Erica the spiny frog (shapeshifter) (16 damage)
             ... on level 1 of the Lair of Beasts.
             The game lasted 00:33:36 (9247 turns).

eggzz the Geomancer (Gargoyle Earth Elementalist)   Turns: 9247, Time: 00:33:36

Health: -11/64     AC: 11    Str: 11    XL:     10   Next: 0%
Magic:  8/20       EV: 13    Int: 20    God:    Sif Muna [*.....]
Gold:   466        SH:  0    Dex: 10    Spells: 7/23 levels left

rFire    . . .     SeeInvis .   p - +7 quarterstaff (chaos)
rCold    + . .     Gourm    .   (shield currently unavailable)
rNeg     + . .     Faith    .   c - +0 robe
rPois    ∞         Spirit   .   (no helmet)
rElec    +         Reflect  .   r - +1 cloak
rCorr    +         Harm     .   (no gloves)
MR       .....                  (no boots)
Stlth    ++........             (no amulet)
HPRegen  0.20/turn              g - ring of protection from cold
MPRegen  0.17/turn              o - ring of resist corrosion

@: slowed, very slow
A: negative energy resistance 1, electricity resistance, unbreathing,
petrification resistance, rot immunity, AC +7
a: Divine Energy, Renounce Religion


You were on level 1 of the Lair of Beasts.
You worshipped Sif Muna.
Sif Muna was aware of your devotion.
You were hungry.

You visited 3 branches of the dungeon, and saw 10 of its levels.

You collected 466 gold pieces.

Inventory:

Hand Weapons
 a - a cursed -2 war axe
 e - a +0 club
 p - a +7 quarterstaff of chaos (weapon)
 q - a +0 hunting sling
 t - a +1 flail of crushing
 x - a +2 vampiric falchion
 y - a +0 long sword
 B - a +2 dire flail of freezing
 F - a +1 vampiric dagger
 H - a cursed +1 dire flail of freezing
Missiles
 b - 171 stones
 f - 5 javelins (quivered)
 h - 6 tomahawks
 k - 30 poisoned needles
Armour
 c - a +0 robe (worn)
 r - a +1 cloak (worn)
 D - +0 gold dragon scales
Jewellery
 g - a ring of protection from cold (left hand)
 o - a ring of resist corrosion (right hand)
 w - the amulet "Osiak" {Harm *Drain +Blink Int-5 Dex+4}
   (You found it on level 4 of the Dungeon)

   [amulet of harm]

   It increases damage dealt and taken.
   It affects your intelligence (-5).
   It affects your dexterity (+4).
   It lets you blink.
   It causes draining when unequipped.
Wands
 v - a wand of flame (15)
 A - a wand of iceblast (8)
 I - a wand of acid (10)
Scrolls
 i - 3 scrolls of teleportation
 s - a scroll of vulnerability {unknown}
 E - a scroll of random uselessness {unknown}
 G - 2 scrolls of summoning
Potions
 j - a potion of resistance
 m - 2 potions of brilliance
 n - a potion of might
 u - a potion of flight
 z - a potion of agility {unknown}
 C - a potion of magic {unknown}
Comestibles
 d - 9 rations
 l - 2 chunks of flesh


   Skills:
 - Level 8.0 Fighting
 + Level 1.6 Staves
 * Level 3.5 Dodging
 - Level 2.1 Stealth
 - Level 7.0 Spellcasting
 - Level 0.7 Transmutations
 - Level 10.0 Earth Magic


You had 7 spell levels left.
You knew the following spells:

 Your Spells              Type           Power        Failure   Level  Hunger
a - Sandblast             Erth           #####.       1%          1    None
b - Stone Arrow           Conj/Erth      ####..       3%          3    #......
c - Passwall              Tmut/Erth      ####....     1%          2    None
d - Lee's Rapid Deconstr  Erth           #####.....   4%          5    #####..
e - Petrify               Tmut/Erth      ####....     11%         4    ###....
f - Summon Small Mammal   Summ           #...         10%         1    None

Your spell library contained the following spells:

 Spells                   Type           Power        Failure   Level  Hunger


Dungeon Overview and Level Annotations

Branches:
Dungeon (8/15)             Temple (1/1) D:6            Lair (1/6) D:8

Altars:
Ashenzari
Elyvilon
Fedhas
Gozag
Kikubaaqudgha
Makhleb
Nemelex Xobeh
Qazlal
Ru
Sif Muna
Trog
Uskayaw
Vehumet
Wu Jian
Xom
The Shining One
Lugonu

Shops:
D:7 *

Annotations:
D:2 Terence
D:3 exclusion: upstairs
D:7 exclusion: 2 downstairs
D:8 Psyche
Lair:1 Erica


Innate Abilities, Weirdness & Mutations

You are resistant to torment.
Your stone body is resilient. (AC +7)
You are immune to poison.
You resist negative energy. (rN+)
You are resistant to electric shocks. (rElec)
You can survive without breathing.
You are immune to petrification.
You are immune to rotting.


Message History

An orb of energy appears from out of thin air!
The orb of energy hits you!
You are feeling hungry.
Erica appears from thin air!
Reactivating autopickup.
You barely miss Erica.
Erica screams, "You'll never get it!"
Erica barely misses you.
Erica hits you with a scimitar of flaming!
Erica burns you.
You hit Erica.
Erica changes into a wind drake!
Erica the wind drake changes into a spiny frog!
Erica stings you!!
* * * LOW HITPOINT WARNING * * *
You hit Erica.
Erica is lightly wounded.
Erica stings you!
* * * LOW HITPOINT WARNING * * *
Erica stings you!
You die...

......................#
#.#####.###...<.......# #
########..........# #
#...{.{...........#
.##.###..###.#..........#
........## ####......####
.........# #P.._...#
.###....#######......#
.........).F@.......P#
#.................####
#.............#####
#..............#
#.............P#
#.............##
#.......$.....#
.............#


You could see Erica the spiny frog shaped shifter.

Vanquished Creatures
  A hippogriff (D:7)
  Menkaure (D:7)
  A porcupine (Lair:1)
  A sky beast (D:8)
  2 ogres
  A centaur (D:5)
  2 crocodiles (Lair:1)
  A bullfrog (Lair:1)
  2 scorpions
  16 killer bees
  An oklob sapling (D:6)
  4 wights (D:6)
  4 howler monkeys
  3 crimson imps
  A bullfrog zombie (D:8)
  4 jellies
  A hound (D:8)
  3 orc priests
  2 bullfrog skeletons
  A centaur skeleton (D:5)
  10 orc wizards
  Crazy Yiuf (D:3)
  An iguana (D:8)
  5 worker ants
  A hound skeleton (D:6)
  6 adders
  4 gnolls (D:8)
  A shadow imp (D:8)
  An ooze (D:4)
  2 adder skeletons
  A worm (D:5)
  9 dart slugs
  5 leopard geckos
  18 orcs
  A ball python (D:5)
  A bat (D:3)
  6 giant cockroaches
  A hobgoblin (D:3)
  7 jackals
  7 quokkas
  2 frilled lizards (D:4)
  2 goblins (D:3)
  A jackal zombie (D:5)
  2 kobolds (D:2)
  A leopard gecko skeleton (D:4)
  A quokka skeleton (D:8)
  3 rats
  A plant (D:6)
153 creatures vanquished.

Vanquished Creatures (collateral kills)
  A porcupine (Lair:1)
1 creature vanquished.

Grand Total: 154 creatures vanquished

Notes
Turn   | Place    | Note
-------+----------+-------------------------------------------
     0 | D:1      | eggzz the Gargoyle Earth Elementalist began the quest for
                  | the Orb.
     0 | D:1      | Reached XP level 1. HP: 10/10 MP: 3/3
   279 | D:1      | You fall through a shaft!
   311 | D:2      | Found a sparkling altar of Nemelex Xobeh.
   312 | D:2      | Found an opulent altar of Gozag.
   399 | D:2      | You fall through a shaft!
   558 | D:2      | Noticed Terence
   802 | D:3      | Reached XP level 2. HP: 13/15 MP: 5/5
   827 | D:3      | Reached skill level 4 in Earth Magic
  1121 | D:3      | Reached XP level 3. HP: 19/19 MP: 4/7
  1139 | D:3      | Reached XP level 4. HP: 8/24 MP: 0/8
  1142 | D:3      | HP: 1/24 [orc/hand axe (2)]
  1442 | D:3      | Reached skill level 5 in Earth Magic
  1986 | D:3      | Found a runed door.
  2188 | D:3      | Noticed Crazy Yiuf
  2191 | D:3      | Killed Crazy Yiuf
  2191 | D:3      | Reached XP level 5. HP: 28/28 MP: 7/10
  2360 | D:4      | Noticed an ogre
  2373 | D:4      | Killed an ogre
  2373 | D:4      | Reached skill level 6 in Earth Magic
  2373 | D:4      | Reached XP level 6. HP: 25/32 MP: 5/12
  2573 | D:4      | Found a white marble altar of Elyvilon.
  2737 | D:4      | Learned a level 3 spell: Stone Arrow
  2740 | D:4      | Learned a level 2 spell: Passwall
  2746 | D:4      | Learned a level 5 spell: Lee's Rapid Deconstruction
  2810 | D:4      | Got a brightly glowing golden amulet
  2889 | D:4      | Reached skill level 7 in Earth Magic
  2889 | D:4      | Reached XP level 7. HP: 36/36 MP: 4/14
  2955 | D:4      | Found a blossoming altar of Fedhas.
  3067 | D:4      | Reached skill level 5 in Spellcasting
  3231 | D:5      | Entered Level 5 of the Dungeon
  3853 | D:5      | Reached skill level 8 in Earth Magic
  3928 | D:5      | Learned a level 4 spell: Petrify
  4126 | D:5      | Reached XP level 8. HP: 41/41 MP: 16/16
  4903 | D:6      | Found a staircase to the Ecumenical Temple.
  4952 | Temple   | Entered the Ecumenical Temple
  5246 | D:6      | Found a radiant altar of Vehumet.
  5256 | D:6      | Found an ancient bone altar of Kikubaaqudgha.
  5319 | D:6      | Found a deep blue altar of Sif Muna.
  5321 | D:6      | Reached skill level 9 in Earth Magic
  5337 | D:6      | Identified Sif Muna's Disquisition on Creation
  5341 | D:6      | Learned a level 1 spell: Summon Small Mammal
  5417 | D:6      | Became a worshipper of Sif Muna the Loreminder
  6008 | D:6      | Identified the amulet "Osiak" {Harm *Drain +Blink Int-5
                  | Dex+4} (You found it on level 4 of the Dungeon)
  6208 | D:7      | Reached skill level 1 in Fighting
  6285 | D:7      | Noticed Menkaure
  6293 | D:7      | Killed Menkaure
  6293 | D:7      | Reached skill level 10 in Earth Magic
  6293 | D:7      | Reached XP level 9. HP: 39/49 MP: 1/19
  6469 | D:7      | Found Ekelych's Assorted Antiques.
  7741 | D:7      | Reached skill level 5 in Fighting
  7861 | D:8      | Noticed Psyche
  8083 | D:8      | Noticed a cyclops
  8649 | D:8      | Reached * piety under Sif Muna
  8915 | D:8      | Found a staircase to the Lair.
  8941 | Lair:1   | Entered Level 1 of the Lair of Beasts
  8941 | Lair:1   | Found a shattered altar of Ashenzari.
  9044 | Lair:1   | Reached skill level 1 in Staves
  9124 | Lair:1   | Reached XP level 10. HP: 46/64 MP: 20/20
  9208 | Lair:1   | Noticed Erica
  9244 | Lair:1   | Erica changed into Erica the wind drake
  9244 | Lair:1   | Noticed Erica
  9244 | Lair:1   | Erica the wind drake changed into Erica the spiny frog
  9247 | Lair:1   | Mangled by Erica the spiny frog (shapeshifter)

Skill      XL: |  1  2  3  4  5  6  7  8  9 |
---------------+----------------------------+-----
Earth Magic    | 4 5 6 7 8 10 | 10.0
Spellcasting   | 3 4 5 7 |  7.0
Fighting       | 2 8 |  8.0
Dodging        | 3 |  3.5
Staves         | 1 |  1.6
Stealth        | |  2.1
Transmutations | |  0.7

Action                   |  1- 3 |  4- 6 |  7- 9 | 10-12 || total
-------------------------+-------+-------+-------+-------++-------
Melee: Club              |    44 |     1 |       |       ||    45
       Unarmed           |     3 |       |       |       ||     3
       Quarterstaff      |       |    24 |   201 |     3 ||   228
Throw: Javelin           |     1 |       |       |       ||     1
 Cast: Sandblast         |    21 |    42 |    10 |       ||    73
       Stone Arrow       |       |     5 |    64 |     1 ||    70
       Lee's Rapid Decon |       |       |    15 |       ||    15
       Petrify           |       |       |     7 |     4 ||    11
       Summon Small Mamm |       |       |     3 |       ||     3
  Use: Potion            |       |     3 |     4 |       ||     7
       Scroll            |       |       |    13 |       ||    13
 Stab: Sleeping          |     1 |     1 |     2 |       ||     4
       Distracted        |     1 |       |       |       ||     1
       Paralysed         |       |       |     2 |       ||     2
  Eat: Chunk             |     1 |     5 |    14 |       ||    20
       Ration            |       |       |     4 |       ||     4
Armor: Robe              |    17 |    12 |   108 |       ||   137
       Skin              |       |       |    50 |       ||    50
Dodge: Dodged            |    38 |    24 |   153 |     1 ||   216
